 Dungeon Crawl Stone Soup version 0.31-a0-188-g5e087ee2ca (webtiles) character file.

Game seed: 9393415197072060140

89 qw the Shooter (level 4, -1/25 HPs)
             Began as a Deep Elf Hunter on June 22, 2023.
             Slain by a black bear (4 damage)
             ... on level 4 of the Dungeon.
             The game lasted 00:00:46 (2410 turns).

qw the Shooter (Deep Elf Hunter)                    Turns: 2410, Time: 00:00:46

Health: -1/25      AC:  6    Str: 10    XL:     4   Next: 31%
Magic:  6/6        EV: 11    Int: 14    God:
Gold:   85         SH:  0    Dex: 18    Spells: 3/3 levels left

rFire   . . .        Y - +0 shortbow
rCold   . . .        (shield currently unavailable)
rNeg    . . .        b - +0 ring mail
rPois   .            (no helmet)
rElec   .            a - +0 cloak
rCorr   .            (no gloves)
SInv    .            (no boots)
Will    .....        e - amulet of faith
Stlth   +            (no ring)
HPRegen 0.24/turn    (no ring)
MPRegen 0.10/turn

%: faith
@: no status effects
A: no striking features
a: no special abilities


You were on level 4 of the Dungeon.
You visited 1 branch of the dungeon, and saw 4 of its levels.

You collected 85 gold pieces.


   Skills:
 - Level 1.5 Fighting
 + Level 7.7 Ranged Weapons
 - Level 2.4 Dodging
 - Level 1.2 Stealth


You had 3 spell levels left.
You didn't know any spells.
Your spell library was empty.

Inventory:

Hand Weapons
 Y - a +0 shortbow (weapon)
Armour
 a - a +0 cloak (worn)
 b - a +0 ring mail (worn)
Jewellery
 e - an amulet of faith (around neck)
Scrolls
 d - 3 scrolls of identify {unknown}
Potions
 c - a potion of curing
 g - a potion of enlightenment
 h - a potion of brilliance {unknown}

Dungeon Overview and Level Annotations

Branches:
Dungeon (4/15)
 Temple: D:4-7

Altars:
Qazlal

Shops:
D:1 (


Message History

You shoot an arrow. The black bear growls angrily.
The arrow hits the goblin!
You kill the goblin!
An adder comes into view.
You shoot an arrow. The arrow hits the black bear!
The black bear is moderately wounded.
An iguana comes into view.
A ball python comes into view.
You shoot an arrow. The ball python hisses angrily.
The iguana hisses angrily.
The arrow hits the black bear.
The black bear is moderately wounded.
The kobold brigand throws a poisoned dart.
The poisoned dart hits you!
You are poisoned.
You shoot an arrow. The arrow barely misses the black bear.
You feel sick.
You shoot an arrow. The arrow barely misses the black bear.
You feel sick. The black bear barely misses you.
The black bear claws you but does no damage. x2
You shoot an arrow. The arrow barely misses the black bear.
The arrow hits the adder!
The adder is heavily wounded.
You feel sick. The black bear closely misses you.
The black bear claws you but does no damage.
The black bear closely misses you.
You shoot an arrow.
The arrow hits the black bear but does no damage.
The black bear is moderately wounded.
You feel sick. The black bear bites you. The black bear closely misses you.
The black bear claws you.
You shoot an arrow. The arrow hits the black bear!
The black bear is heavily wounded.
You feel sick.
You are no longer poisoned.
The black bear bites you.
The black bear claws you but does no damage.
The black bear misses you. The black bear bites you.
The black bear barely misses you. The black bear claws you.
You die...

.#.......##.##.#
.#########..##.#.# ..
............##.#.###.#
..######....##.#....)
..'..#......##.#....
..##........##.#.K.
..####......##.#SS
.........#####.#h### ##..# ..
#.........# #.#@..### #...#...
........#.# #.#.....## #...#..
%.......#.####.#......###.....
........#...##.#.###..##...)#
........###..#.#.###...#....#
.........###.#.#.)##...#....####.
...............#.................
...####.#.#....###########.######
.#.# #.....#........>...........


You could see a black bear, a kobold brigand, an adder and a ball python.

Vanquished Creatures
  2 adders (D:2)
  A worm (D:2)
  3 dart slugs (D:2)
  3 orcs
  4 ball pythons (D:1)
  An endoplasm (D:2)
  A giant cockroach (D:2)
  11 goblins
  3 hobgoblins
  5 jackals (D:2)
  6 kobolds
  2 quokkas
  3 bats
  4 frilled lizards
  7 rats
56 creatures vanquished.

Notes
Turn   | Place    | Note
-------+----------+-------------------------------------------
     0 | D:1      | qw the Deep Elf Hunter began the quest for the Orb.
     0 | D:1      | Reached XP level 1. HP: 12/12 MP: 3/3
     0 | D:1      | 0 ||| qw: Version: 0.3-a-9-g12657ce
     0 | D:1      | 0 ||| qw: Game counter: 2921
     0 | D:1      | 0 ||| qw: Always use a shield: true
     0 | D:1      | 0 ||| qw: God list: Okawaru
     0 | D:1      | 0 ||| qw: Allow faded altars: false
     0 | D:1      | 0 ||| qw: Do Orc after D:15 true
     0 | D:1      | 0 ||| qw: Do second Lair branch before Depths: true
     0 | D:1      | 0 ||| qw: Lair rune preference: random
     0 | D:1      | 0 ||| qw: Plans: Normal
     0 | D:1      | 0 ||| PLANNING D:1-11
   213 | D:1      | Found Niyxoarhip's Antique Weapon Boutique.
   224 | D:1      | Reached XP level 2. HP: 12/16 MP: 4/4
   225 | D:1      | Reached skill level 6 in Ranged Weapons
   461 | D:1      | 461 ||| UPGRADING to amulet of faith.
   466 | D:1      | 466 ||| READING scroll labelled WYSU NUEGIEPH.
   470 | D:1      | 470 ||| READING scroll labelled BIYCHEDIPH.
   471 | D:1      | 471 ||| READING scroll labelled REREZA AVE.
   472 | D:1      | 472 ||| READING scroll labelled VOXIUF YLEXO.
   473 | D:1      | 473 ||| DROPPING scroll of butterflies.
   578 | D:2      | Found a stormy altar of Qazlal.
   590 | D:2      | Reached XP level 3. HP: 20/20 MP: 5/5
   934 | D:2      | Reached skill level 7 in Ranged Weapons
  1201 | D:2      | Reached XP level 4. HP: 25/25 MP: 6/6
  1464 | D:2      | 1464 ||| UPGRADING to +0 cloak.
  1469 | D:2      | 1469 ||| UPGRADING to +0 ring mail.
  1479 | D:2      | 1479 ||| DROPPING +0 leather armour.
  1480 | D:2      | 1480 ||| READING scroll labelled IPTANY EHUS MET.
  1481 | D:2      | 1481 ||| READING scroll labelled ZUSEOR CUAPOMPU.
  1482 | D:2      | 1482 ||| DRINKING 2 fizzy grey potions.
  1689 | D:3      | Found a faded altar of an unknown god.
  1889 | D:3      | 1889 ||| DRINKING 2 silvery potions.
  2402 | D:4      | Noticed a black bear
  2402 | D:4      | Noticed a kobold brigand
  2410 | D:4      | HP: 3/25 [black bear (4)]
  2410 | D:4      | Slain by a black bear

Levels and vault maps discovered:
D:1:      lightli_arrival_noodles, layout_basic, serial_shops, shop
D:2:      layout_loops_corners, basic_altar, nicolae_the_louvre
D:3:      layout_rooms, ebering_ecumenical_altar_mist
D:4:      minmay_recursive_quarters, layout_basic,
          worldfamousw_hep_ancestral_shrine, serial_co_window_serial,
          co_window_of_opportunity_a, co_window_corner_a, co_window_cross_1,
          co_window_paths_a, co_window_paths_a, co_window_paths_b,
          co_window_of_opportunity_a, co_window_of_opportunity_b,
          co_window_of_opportunity_b, co_window_corner_ca, co_window_4corner_b,
          glass_columns_b, glass_columns_a, glass_columns_b, glass_columns_b,
          uniq_crazy_yiuf_cottage

Skill      XL: |  1  2  3 |
---------------+----------+-----
Ranged Weapons | 6 7 |  7.7
Fighting       | |  1.5
Dodging        | |  2.4
Stealth        | |  1.2

Action                     |  1- 3 |  4- 6 || total
---------------------------+-------+-------++-------
   Fire: Shortbow          |   108 |    56 ||   164
    Use: Scroll            |     4 |     2 ||     6
         Potion            |       |     2 ||     2
 Armour: Leather armour    |    13 |       ||    13
         Ring mail         |       |     7 ||     7
  Dodge: Dodged            |    15 |    12 ||    27

Table legend:
 A = Non-vault XP
 B = Vault XP
 C = Vault XP percentage of total XP
 D = Non-vault monster count
 E = Vault monster count
 F = Vault count percentage of total count
                 A         B        C        D         E       F
            +---------+---------+-------+---------+---------+-------
      Total |     124 |       4 |   3.1 |      54 |       2 |   3.6
            +---------+---------+-------+---------+---------+-------
        D:1 |      23 |       0 |   0.0 |      16 |       0 |   0.0
        D:2 |      75 |       0 |   0.0 |      24 |       0 |   0.0
        D:3 |      14 |       0 |   0.0 |       9 |       0 |   0.0
        D:4 |      12 |       4 |  25.0 |       5 |       2 |  28.6
            +---------+---------+-------+---------+---------+-------
